 Dungeon Crawl Stone Soup version 0.29.0-4-gdea44cf6ec (webtiles) character file.

Game seed: 16693276129406999041

5327 Ofeo the Nimble (level 10, -2/63 (64) HPs)
             Began as a Tengu Warper on Aug 28, 2022.
             Was a Believer of Wu Jian.
             Shot with an arrow by a centaur (9 damage)
             ... on level 8 of the Dungeon.
             The game lasted 00:34:56 (15505 turns).

Ofeo the Nimble (Tengu Warper)                     Turns: 15505, Time: 00:34:56

HP:   -2/63 (64)    AC: 10    Str: 12    XL:     10   Next: 64%
MP:   14/14         EV: 21    Int: 14    God:    Wu Jian [**....]
Gold: 495           SH:  0    Dex: 23    Spells: 7/13 levels left

rFire   . . .      SeeInvis .   a - +8 battleaxe
rCold   . . .      Faith    .   (shield currently unavailable)
rNeg    . . .      Spirit   .   w - +3 leather armour {Will+}
rPois   .          Reflect  .   (helmet restricted)
rElec   .          Harm     .   p - +0 cloak
rCorr   .          Rampage  .   k - +1 pair of gloves
Will    +....                   (boots unavailable)
Stlth   ++........              A - amulet of magic regeneration
HPRegen 0.20/turn               E - +6 ring of dexterity
MPRegen 0.54/turn               (no ring)

@: flying quickly and evasively, lightly drained, quick
A: beak, talons 3, nimble flight
a: Renounce Religion, Wall Jump


You were on level 8 of the Dungeon.
You worshipped Wu Jian.
Wu Jian was pleased with you.
You visited 2 branches of the dungeon, and saw 9 of its levels.

You collected 495 gold pieces.

Inventory:

Hand Weapons
 a - a +8 battleaxe (weapon)
 b - a +2 dagger of venom
 i - a +2 war axe of electrocution
 o - a +1 falchion
 u - a +0 long sword
Missiles
 d - 7 boomerangs of dispersal
 f - a throwing net
 j - 31 poisoned darts (quivered)
 l - 2 javelins
 C - 7 boomerangs
Armour
 k - a +1 pair of gloves (worn)
 p - a +0 cloak (worn)
 w - a +3 leather armour of willpower (worn)
Jewellery
 A - an amulet of magic regeneration (around neck)
 E - a +6 ring of dexterity (left hand)
Wands
 n - a wand of polymorph (8)
 s - a wand of paralysis (1)
Scrolls
 c - 2 scrolls of blinking {@r4}
 m - 5 scrolls of teleportation {@r3}
 t - a scroll of butterflies
 x - a scroll of magic mapping
 y - a scroll of poison
 H - a scroll of amnesia
Potions
 e - a potion of degeneration
 g - 3 potions of lignification {unknown}
 h - 2 potions of heal wounds {@q2}
 q - 5 potions of curing {@q1}
 r - a potion of brilliance
 v - a potion of attraction
 z - a potion of magic
 B - a potion of ambrosia
 D - a potion of haste {@q3}


   Skills:
 + Level 7.7 Fighting
 + Level 6.0 Long Blades
 - Level 1.2 Throwing
 + Level 8.2 Armour
 + Level 8.4 Dodging
 - Level 2.0 Spellcasting
 + Level 2.8 Hexes
 - Level 5.1 Translocations


You had 7 spell levels left.
You knew the following spells:

 Your Spells              Type           Power      Damage    Failure   Level
a - Blink                 Tloc           30%        N/A       5%          2
b - Slow                  Hex            36%        N/A       9%          1
c - Teleport Other        Tloc           15%        N/A       11%         3

Your spell library contained the following spells:

 Spells                   Type           Power      Damage    Failure   Level
 Gell's Gravitas          Tloc           15%        N/A       11%         3
 Lesser Beckoning         Tloc           15%        N/A       11%         3
 Confusing Touch          Hex            9%         N/A       26%         3
 Vampiric Draining        Necr           1%         2d6       65%         3
 Manifold Assault         Tloc           15%        N/A       67%         5


Dungeon Overview and Level Annotations

Branches:
Dungeon (8/15)             Temple (1/1) D:6
   Lair: D:8-11

Altars:
Cheibriados
Elyvilon
Gozag
Kikubaaqudgha
Nemelex Xobeh
Qazlal
Ru
Sif Muna
Uskayaw
Vehumet
Wu Jian
Xom
Yredelemnul
The Shining One

Annotations:
D:6 Jase's ghost, novice DsNe


Innate Abilities, Weirdness & Mutations

You have a beak for a mouth.
You have claws for feet.
Your magical nature lets you fly swiftly and evasively.


Message History

HP restored.
You see here a +1 halberd of venom.
Things that are here:
a +0 scale mail; a +0 hand axe; a +0 club
Things that are here:
a +0 robe; a +5 war axe
There is a stone staircase leading down here.
You fly downwards.
The steam dragon hisses angrily.
The steam dragon breathes steam at you. The ball of steam hits you!
There is a stone staircase leading up here.
You slash the steam dragon! Your kick misses the steam dragon.
The steam dragon is moderately wounded.
You are engulfed in a cloud of scalding steam.
The steam dragon breathes steam at you. The ball of steam misses you.
The steam dragon misses you. The steam dragon closely misses you.
You slash the steam dragon! You peck the steam dragon.
The steam dragon is almost dead.
The steam dragon misses you. x2
The steam dragon breathes steam at you. The ball of steam hits you!
You spin and attack the steam dragon.
You completely miss the steam dragon. Your kick misses the steam dragon.
Your peck misses the steam dragon.
The steam dragon is almost dead.
You spin to attack the steam dragon, but your attack speed is too slow for a blow to land.
The steam dragon bites you. The steam dragon claws you.
You slash the steam dragon!
You kill the steam dragon!
The Council accepts your kill.
Your Long Blades skill increases to level 6!
You start resting.
A centaur is nearby!
A centaur is nearby!
The centaur shoots an arrow.
The arrow completely misses you.
The centaur shoots an arrow.
The arrow hits you!!
* * * LOW HITPOINT WARNING * * *
The arrow freezes you!
You die...

##.. #..##.....
....###........⌠
#...#..........
##............
............# #.........#
#........# #####.......#
... #..!..@.....# .h.
................. . .c
#................ #..
h###.#..............
####>###....#..........##..
..#.........##c.......## .#
.....................#
#...........<.....?..
#.....#.............


You could see a centaur.

Vanquished Creatures
  A two-headed ogre (D:7)
  A manticore (D:7)
  Joseph (D:7)
  A steam dragon (D:8)
  Menkaure (D:7)
  Edmund (D:4)
  2 orc warriors (D:7)
  A sky beast (D:7)
  An ice beast (D:5)
  3 ogres
  A phantom (D:3)
  4 kobold brigands (D:7)
  A bullfrog (D:7)
  3 gnoll sergeants (D:7)
  A necrophage (D:6)
  3 scorpions
  9 wights (D:7)
  8 howler monkeys (D:7)
  A quasit (D:6)
  A gnoll bouda (D:7)
  15 hounds
  A jelly (D:7)
  10 orc priests
  Jessica (D:2)
  2 iguanas
  9 orc wizards
  10 gnolls (D:7)
  6 adders
  2 shadow imps
  2 worms
  3 dart slugs
  47 orcs
  5 bats
  7 endoplasms
  8 hobgoblins
  10 quokkas
  4 ball pythons
  4 frilled lizards
  8 goblins
  11 kobolds
  3 rats
213 creatures vanquished.

Vanquished Creatures (others)
  7 plants (D:7)
7 creatures vanquished.

Grand Total: 220 creatures vanquished

Notes
Turn   | Place    | Note
-------+----------+-------------------------------------------
     0 | D:1      | Ofeo the Tengu Warper began the quest for the Orb.
     0 | D:1      | Reached XP level 1. HP: 12/12 MP: 4/4
   275 | D:1      | Reached XP level 2. HP: 17/17 MP: 6/6
   294 | D:1      | Learned a level 2 spell: Blink
   909 | D:1      | Found a faded altar of an unknown god.
  1014 | D:1      | Reached XP level 3. HP: 12/22 MP: 7/7
  1488 | D:2      | Noticed Jessica
  2456 | D:2      | Killed Jessica
  2457 | D:2      | Reached XP level 4. HP: 27/27 MP: 8/8
  3262 | D:3      | Noticed a phantom
  3325 | D:3      | Killed a phantom
  3326 | D:3      | Gained mutation: Your magical nature lets you fly swiftly
                  | and evasively. [Tengu growth]
  3326 | D:3      | Reached XP level 5. HP: 26/32 MP: 9/9
  4257 | D:4      | Learned a level 1 spell: Slow
  4261 | D:4      | Learned a level 3 spell: Teleport Other
  4679 | D:4      | Reached XP level 6. HP: 22/37 MP: 10/10
  5068 | D:4      | Noticed Edmund
  5120 | D:4      | Killed Edmund
  5445 | D:4      | Reached XP level 7. HP: 27/43 MP: 11/11
  5645 | D:5      | Entered Level 5 of the Dungeon
  6293 | D:5      | Reached skill level 5 in Dodging
  6463 | D:5      | Found a radiant altar of Vehumet.
  6857 | D:6      | Reached XP level 8. HP: 46/48 MP: 12/12
  7277 | D:6      | Found a transporter.
  7376 | D:6      | Found a transporter.
  7377 | D:6      | Noticed Jase's ghost (novice DsNe)
  7396 | D:6      | Reached skill level 5 in Armour
  7463 | D:6      | Reached skill level 5 in Fighting
  7694 | D:6      | Found a staircase to the Ecumenical Temple.
  7723 | Temple   | Entered the Ecumenical Temple
  7799 | Temple   | Became a worshipper of the Wu Jian Council
  8531 | D:7      | Reached XP level 9. HP: 33/55 MP: 13/13
  8784 | D:7      | Reached * piety under Wu Jian
  9617 | D:6      | Found a staircase to the Ecumenical Temple.
  9639 | D:6      | Found a transporter.
  9646 | D:6      | Found a transporter.
  9995 | D:7      | Reached skill level 5 in Translocations
 10638 | D:7      | Noticed Joseph
 10642 | D:7      | Noticed Menkaure
 11397 | D:7      | Killed Menkaure
 11485 | D:7      | Noticed a two-headed ogre
 12084 | D:7      | Killed a two-headed ogre
 12085 | D:7      | Reached skill level 1 in Hexes
 12085 | D:7      | Reached XP level 10. HP: 23/63 MP: 14/14
 12961 | D:7      | Reached skill level 5 in Long Blades
 12993 | D:7      | Reached ** piety under Wu Jian
 13071 | D:7      | Noticed a manticore
 13224 | D:7      | Killed a manticore
 13825 | D:7      | Killed Joseph
 14257 | D:7      | Found a sacrificial altar of Ru.
 15505 | D:8      | Shot with an arrow by a centaur

Illustrated notes

Levels and vault maps discovered:
D:1:      sevenhm_arrival_forest_fort_large_4, layout_loops_ring,
          shapermc_ecumenical_altar_notcrosses
D:2:      layout_loops_cross, uniq_jessica
D:3:      layout_basic
D:4:      layout_basic, uniq_edmund
D:5:      layout_loops_ring, fiery_altar_vehumet
D:6:      layout_rooms, minmay_temple_entry_overgrown,
          gammafunk_ghost_stat_death
D:7:      lemuel_castle_with_subvaults [lemuel_castle_interior_original],
          layout_loops_ring, nicolae_ru_the_path_less_chosen, abandoned_shop,
          uniq_menkaure, uniq_joseph
D:8:      layout_cave_pools, nicolae_dithmenos_shadow_blocks,
          overflow_temple_1_default, serial_shops, shop_fountains,
          nicolae_square_shop
Temple:   nicolae_temple_ecumenical_triangle

Skill      XL: |  1  2  3  4  5  6  7  8  9 10 |
---------------+-------------------------------+-----
Armour         | 2 3 4 6 7 8 |  8.2
Long Blades    | 3 4 6 |  6.0
Dodging        | 3 4 5 6 7 8 |  8.4
Fighting       | 3 4 5 7 |  7.7
Translocations | 3 4 5 |  5.1
Hexes          | 1 2 |  2.8
Throwing       | |  1.2
Spellcasting   | |  2.0

Action                   |  1- 3 |  4- 6 |  7- 9 | 10-12 || total
-------------------------+-------+-------+-------+-------++-------
Melee: Falchion          |    60 |    57 |       |       ||   117
       Kick              |     9 |    30 |   103 |    63 ||   205
       Peck              |     4 |    27 |    57 |    45 ||   133
       Dagger            |    11 |    11 |    75 |   148 ||   245
       War axe           |       |    70 |   241 |    15 ||   326
       Punch             |       |       |     5 |     2 ||     7
       Battleaxe         |       |       |       |     8 ||     8
Throw: Javelin           |     2 |       |     1 |       ||     3
       Dart              |       |       |     7 |     3 ||    10
 Cast: Slow              |       |       |     3 |     4 ||     7
       Blink             |       |       |     1 |     1 ||     2
Invok: Lunge             |       |       |    19 |    10 ||    29
       Whirlwind         |       |       |     1 |     3 ||     4
Evoke: Wand              |       |     2 |     1 |       ||     3
  Use: Scroll            |     4 |     4 |     1 |     8 ||    17
       Potion            |     1 |       |       |     1 ||     2
 Stab: Sleeping          |       |     1 |     3 |       ||     4
       Paralysed         |       |       |     2 |       ||     2
       Distracted        |       |       |     1 |       ||     1
Armor: Leather armour    |    32 |    18 |    88 |    15 ||   153
       Skin              |     7 |       |       |       ||     7
       Ring mail         |       |    19 |       |       ||    19
Dodge: Dodged            |    53 |    77 |   285 |   138 ||   553
